 Dungeon Crawl Stone Soup version 0.15-a0-1995-g7e6aeab (webtiles) character file.

1857 Charly the Transmogrifier (level 9, -9/41 HPs)
             Began as a Vine Stalker Transmuter on July 11, 2014.
             Was an Initiate of the Shining One.
             Mangled by an orc warrior
             ... wielding a +0 mace
              (12 damage)
             ... on Level 9 of the Dungeon.
             The game lasted 00:32:54 (3339 turns).

Charly the Transmogrifier (Vine Stalker Transmuter) Turns: 3339, Time: 00:32:54

HP  -9/41        AC  4     Str 15      XL: 9   Next: 13%
MP   0/28        EV 17     Int 13      God: the Shining One [......]
Gold 218         SH  0     Dex 21      Spells:  3 memorised,  4 levels left

rFire  . . .     SeeInvis .       - Unarmed
rCold  + . .     Clarity  .     o - +1 leather armour {rC+}
rNeg   . . .     rCorr    .     (shield currently unavailable)
rPois  .         rRot     +     (no helmet)
rElec  .         Spirit   +     (no cloak)
SustAb .         Warding  .     k - melded +1 pair of gloves
rMut   .         Stasis   .     (no boots)
Gourm  .                        (no amulet)
MR     +....                    (no ring)
                                e - ring of magical power

@: agile, blade hands, somewhat resistant to hostile enchantments, fairly
stealthy
A: fangs 3, regeneration 2, magic shield, antimagic bite, no device heal 3, rot
immunity
a: End Transformation, Renounce Religion


You were on level 9 of the Dungeon.
You worshipped the Shining One.
The Shining One was noncommittal.
You were hungry.
Your hands were blades.
You visited 2 branches of the dungeon, and saw 10 of its levels.

You collected 218 gold pieces.

Inventory:

Missiles
 d - 2 throwing nets (quivered)
Armour
 k - a +1 pair of gloves (melded)
 o - a +1 leather armour of cold resistance (worn)
Comestibles
 a - 3 bread rations
 g - a chunk of orc flesh
 l - a meat ration
 n - 5 fruits
Scrolls
 c - 4 scrolls of remove curse
 m - 5 scrolls of identify
 p - a scroll of enchant armour
Jewellery
 e - a ring of magical power (left scythe-like blade)
Potions
 f - a potion of lignification
 h - a potion of curing
Books
 i - a Grand Grimoire {highlevel, unknown}

   This book is beyond your current level of understanding.

   Spells                             Type                      Level
   Aura of Abjuration                 Summoning                    6
   Forceful Dismissal                 Summoning                    6
   Summon Greater Demon               Summoning                    7
   Malign Gateway                     Summoning/Translocation      7
   Summon Horrible Things             Summoning                    8
   The Shining One opposes the use of such an unholy item.


   Skills:
 - Level 1.1 Fighting
 - Level 1.7 Dodging
 + Level 6.8 Unarmed Combat
 - Level 3.0 Spellcasting
 * Level 9.6 Transmutations


You had 4 spell levels left.
You knew the following spells:

 Your Spells              Type           Power        Failure   Level  Hunger
h - Blade Hands           Trmt           ####......   54%         5    ######.
s - Sticks to Snakes      Trmt           ####......   14%         2    ##.....
S - Spider Form           Trmt/Pois      ##........   50%         3    ####...


Dungeon Overview and Level Annotations

Branches:
Dungeon (9/15)             Temple (1/1) D:7
    Orc: D:9-12        Lair: D:8-11

Altars:
Ashenzari
Cheibriados
Dithmenos
Elyvilon
Fedhas
Gozag
Kikubaaqudgha
Nemelex Xobeh
Okawaru
Qazlal
Sif Muna
Trog
Vehumet
Yredelemnul
Zin
The Shining One

Shops:
D:5 *   D:6 *


Innate Abilities, Weirdness & Mutations

You have razor-sharp teeth.*
You heal very quickly.
When hurt, damage is shared between your health and your magic reserves.
Your bite disrupts and absorbs the magic of your enemies.*
Potions and wands cannot restore your health.
You are immune to rotting.


Message History

The orc completely misses you.
The orc priest glows brightly for a moment.
You slice the orc!!
You kill the orc!
You see here a falchion.
You completely miss the orc priest. You slash the orc warrior!
The orc warrior is moderately wounded.
You hit the orc warrior but do no damage.
Your bite misses the orc warrior.
The orc warrior is moderately wounded.
The orc warrior hits you with a mace!
* * * LOW HITPOINT WARNING * * *
The orc priest invokes the aid of Beogh against you.
Something smites you!
* * * LOW HITPOINT WARNING * * *
You barely miss the orc warrior.
The orc warrior is moderately wounded.
The orc warrior hits you with a mace!
You die... ############# ....oooo@..<# #############

You could see an orc warrior, an orc priest and 2 orcs.

Vanquished Creatures
  Grinder (D:6)
  Prince Ribbit (D:7)
  A hippogriff (D:4)
  An ice beast (D:6)
  A necrophage (D:5)
  An ogre (D:6)
  Blork the orc (D:7)
  3 giant frogs
  4 wights (D:6)
  2 goliath beetles
  A crimson imp (D:5)
  2 hounds
  An iguana (D:7)
  An orc priest (D:5)
  An orc wizard (D:4)
  6 worker ants
  6 gnolls
  3 adders
  An inept item mimic (D:4)
  2 giant mites
  A worm (D:5)
  An adder zombie (D:6)
  A giant gecko (D:5)
  13 orcs
  A bat zombie (D:8)
  A giant cockroach (D:6)
  3 hobgoblins
  7 jackals (D:6)
  4 kobolds
  2 quokkas
  5 bats
  2 giant newts
  2 giant newt skeletons (D:4)
  5 goblins
  5 rats
93 creatures vanquished.

Vanquished Creatures (collateral kills)
  An ogre (D:3)
  A worker ant (D:4)
  An orc skeleton (D:4)
3 creatures vanquished.

Vanquished Creatures (others)
  Edmund (D:5)
  An iguana (D:5)
2 creatures vanquished.

Grand Total: 98 creatures vanquished

Notes
Turn   | Place    | Note
--------------------------------------------------------------
     0 | D:1      | Charly, the Vine Stalker Transmuter, began the quest for the Orb.
     0 | D:1      | Reached XP level 1. HP: 9/9 MP: 3/3
   206 | D:2      | Reached XP level 2. HP: 12/14 MP: 6/6
   210 | D:2      | Learned a level 2 spell: Sticks to Snakes
   235 | D:3      | Noticed an ogre
   277 | D:3      | Killed an ogre
   277 | D:3      | Reached skill level 1 in Fighting
   277 | D:3      | Reached XP level 3. HP: 18/18 MP: 3/8
   342 | D:4      | Reached XP level 4. HP: 17/22 MP: 10/10
   770 | D:4      | Reached skill level 4 in Unarmed Combat
   770 | D:4      | Reached XP level 5. HP: 11/25 MP: 8/13
  1169 | D:4      | Gained mutation: You heal very quickly. [vine stalker growth]
  1169 | D:4      | Reached XP level 6. HP: 26/30 MP: 14/14
  1325 | D:4      | Noticed a hippogriff
  1333 | D:4      | Learned a level 3 spell: Spider Form
  1341 | D:4      | Killed a hippogriff
  1341 | D:4      | Reached skill level 5 in Transmutations
  1464 | D:5      | Entered Level 5 of the Dungeon
  1476 | D:5      | Killed Edmund
  1479 | D:5      | Found an opulent altar of Gozag.
  1590 | D:5      | Reached XP level 7. HP: 31/33 MP: 16/16
  1604 | D:5      | Found Isekhutuy's General Store.
  1655 | D:5      | Reached skill level 6 in Transmutations
  1984 | D:5      | Reached skill level 5 in Unarmed Combat
  2104 | D:6      | Found Plog's General Store.
  2222 | D:6      | Reached skill level 7 in Transmutations
  2238 | D:6      | Learned a level 5 spell: Blade Hands
  2319 | D:6      | Gained mutation: You have razor-sharp teeth. [vine stalker growth]
  2319 | D:6      | Reached XP level 8. HP: 23/37 MP: 15/18
  2627 | D:6      | Noticed Grinder
  2640 | D:6      | Killed Grinder
  2640 | D:6      | Reached skill level 8 in Transmutations
  3001 | D:7      | Noticed Prince Ribbit
  3025 | D:7      | Killed Prince Ribbit
  3025 | D:7      | Reached skill level 9 in Transmutations
  3025 | D:7      | Reached XP level 9. HP: 26/41 MP: 15/19
  3112 | D:7      | Found a staircase to the Ecumenical Temple.
  3127 | D:7      | Noticed Blork the orc
  3138 | D:7      | Killed Blork the orc
  3175 | Temple   | Entered the Ecumenical Temple
  3205 | Temple   | Became a worshipper of the Shining One
  3310 | D:8      | Noticed a centaur warrior
  3338 | D:9      | HP: 2/41 [orc priest/divine providence (5)]
  3339 | D:9      | Mangled by an orc warrior

Action                   |  1- 3 |  4- 6 |  7- 9 || total
-------------------------+-------+-------+-------++-------
Melee: Unarmed           |    23 |   150 |   177 ||   350
 Cast: Sticks to Snakes  |     9 |    20 |       ||    29
       Spider Form       |       |     1 |     1 ||     2
       Blade Hands       |       |       |    11 ||    11
 Abil: End Transformatio |       |     1 |     7 ||     8
  Use: Scroll            |     3 |     3 |     5 ||    11
       Potion            |       |       |     2 ||     2
 Stab: Sleeping          |       |     1 |       ||     1
  Eat: Chunk             |       |     4 |     7 ||    11
       Royal jelly       |       |       |     1 ||     1
       Pizza             |       |       |     1 ||     1
